Map: Kairos Junction LE

Players

Galiam

  • Race: Terran Terran
  • League: Platinum
  • Spawn Location: 5:00

pHARM - Winner!

  • Race: Zerg Zerg
  • League: Platinum
  • Spawn Location: 11:00

VOD

Have the link to the VOD?

Description

Time

  • Played on: Aug. 5, 2019, 4:59 p.m.
  • Length: 18:09
Show
View Real Time Build Order
Export as new Build Order

Galiam Terran 

Build Orders: 2 Factory, Command Center First (CC), Mech 

Get SALT Encoding   

  12  0:01  SCV  
  13  0:13  SCV  
  14  0:18  Supply Depot  
  14  0:25  SCV  
  15  0:39  SCV  
  16  0:52  SCV  
  17  1:04  SCV  
  18  1:17  SCV  
  18  1:20  Command Center  
  18  1:23  Barracks  
  18  1:29  Refinery  
  18  1:31  SCV  
  19  1:44  SCV  
  20  1:48  Refinery  
  20  1:56  SCV  
  21  2:08  SCV  
  22  2:13  Supply Depot  
  22  2:24  Orbital Command  
  22  2:30  Factory  
  22  2:31  Marine  
  23  2:38  Orbital Command  
  23  2:49  Barracks Reactor  
  23  2:51  SCV  
  24  3:03  SCV  
  25  3:10  Factory  
  25  3:14  SCV  
  25  3:15  SCV  
  27  3:21  Hellion  
  29  3:28  Starport  
  29  3:35  SCV  
  29  3:38  Barracks Tech Lab  
  29  3:40  SCV  
  31  3:47  SCV  
  34  3:58  Factory Tech Lab  
  32  4:03  SCV x2  
  32  4:05  Hellion x2  
  38  4:13  Supply Depot  
  38  4:15  Armory  
  38  4:22  Banshee  
  38  4:23  SCV x2  
  43  4:25  Factory  
  43  4:26  Refinery  
  43  4:28  Hellion  
  45  4:34  Hellion  
  47  4:46  SCV x2, Command Center  
  47  4:50  Supply Depot  
  49  4:58  Barracks Tech Lab  
  49  4:59  Siege Tank  
  52  5:10  Factory Tech Lab  
  52  5:13  Terran Vehicle Weapons Level 1  
  52  5:14  SCV x2  
  54  5:27  Engineering Bay  
  54  5:29  Refinery  
  54  5:30  SCV x2  
  58  5:50  Hellion x2  
  58  5:56  Siege Tank x2  
  66  5:58  SCV x2  
  66  6:03  Factory  
  68  6:12  SCV x2  
  68  6:18  Barracks Reactor  
  70  6:25  SCV x2  
  72  6:31  Supply Depot  
  72  6:37  SCV x2  
  74  6:43  Command Center  
  74  6:49  Infernal Pre-Igniter  
  74  7:06  Hellion x2, Thor  
  74  7:07  Thor  
  74  7:08  SCV x2  
  92  7:10  Orbital Command  
  92  7:16  Factory  
  92  7:18  Terran Vehicle And Ship Armor Level 1  
  92  7:19  Supply Depot  
  79  7:33  Hellion x2  
  70  7:38  Siege Tank  
  70  7:39  Liberator  
  73  7:45  SCV x2  
  73  7:51  Factory  
  75  7:57  Hellion  
  75  7:58  Hellion x2  
  84  8:01  Factory Reactor  
  84  8:04  SCV x2, Supply Depot  
  86  8:08  Refinery  
  86  8:17  Hellion x2  
  90  8:20  Refinery  
  90  8:27  Hellion x2  
  90  8:28  Liberator  
  94  8:35  Siege Tank  
  94  8:41  Supply Depot  
  97  8:42  Supply Depot  
  96  9:04  Hellion  
  96  9:05  Hellion x4  
  96  9:09  Hellion  
  104  9:13  Planetary Fortress, Supply Depot  
  104  9:16  Supply Depot  
  104  9:21  SCV x2  
  104  9:23  Factory, SCV  
  107  9:27  Hellion x3  
  107  9:28  Factory Reactor  
  113  9:35  Hellion  
  113  9:36  Siege Tank  
  118  9:42  Sensor Tower  
  118  9:43  Supply Depot  
  118  9:44  Supply Depot  
  118  9:52  Terran Vehicle Weapons Level 2  
  118  9:54  SCV x3  
  118  9:59  Thor  
  128  10:07  SCV x3  
  128  10:08  SCV  
  131  10:23  Hellion x4  
  139  10:36  Hellion, Thor x2  
  151  10:45  Siege Tank  
  154  10:51  SCV  
  154  10:52  SCV x3  
  158  11:01  Factory  
  158  11:02  Supply Depot  
  158  11:03  Supply Depot  
  158  11:06  Smart Servos  
  158  11:08  SCV x4  
  162  11:16  Command Center  
  162  11:18  Refinery  
  160  11:39  Sensor Tower  
  154  11:43  Hellion  
  154  11:44  Hellion x5  
  154  11:46  Siege Tank x2  
  154  11:47  Thor  
  172  11:51  Liberator  
  172  11:54  Armory  
  178  12:02  Supply Depot  
  178  12:06  Factory  
  181  12:10  Sensor Tower  
  181  12:16  Drilling Claws  
  181  12:18  Siege Tank  
  181  12:20  Siege Tank  
  181  12:21  SCV  
  181  12:22  SCV x2  
  190  12:26  Neosteel Armor  
  190  12:30  Siege Tank  
  193  12:40  Refinery  
  193  12:41  Terran Vehicle And Ship Armor Level 2  
  193  12:54  Terran Vehicle Weapons Level 3  
  193  12:56  Factory Tech Lab  
  193  13:00  Planetary Fortress  
  191  13:13  Refinery  
  191  13:16  Thor  
  191  13:18  Siege Tank  
  165  14:51  Thor  
  165  14:52  Thor x2  
  148  14:59  Hellion x2  
  146  15:00  Hellion x4  
  146  15:01  Hellion x3  
  154  15:15  Terran Vehicle And Ship Armor Level 3  
  154  15:29  Command Center  
  154  15:31  Missile Turret  
  154  15:36  Hellion x5  
  154  15:37  Hellion x3  
  154  15:38  Thor x2  
  154  15:39  Thor  
  154  15:40  Siege Tank  
  191  15:59  Factory  
  191  16:01  Hellion x4  
  199  16:12  Factory  
  199  16:19  Factory  
  189  16:35  Hellion x5  
  150  16:43  Hellion x2  
  150  16:44  Hellion, Thor x3  
  116  16:59  Hellion x5  
  110  17:13  Viking  
  104  17:40  Hellion x2  
  104  17:41  Hellion x3  
  104  17:42  Hellion x2  
Show
View Real Time Build Order
Export as new Build Order

pHARM Zerg - Winner!

Build Orders: Pool First, Brood Lord Corruptor 

Get SALT Encoding   

  12  0:01  Drone  
  13  0:12  Drone  
  14  0:16  Overlord  
  14  0:20  Extractor  
  13  0:24  Drone  
  15  0:35  Drone x2  
  17  1:04  Spawning Pool  
  17  1:10  Hatchery  
  15  1:18  Drone  
  15  1:19  Drone  
  15  1:20  Drone  
  18  1:33  Extractor  
  18  1:35  Drone  
  18  1:43  Drone  
  19  1:51  Queen  
  19  1:52  Zergling x2  
  22  2:12  Overlord  
  22  2:24  Drone  
  22  2:26  Drone x2  
  25  2:30  Queen  
  27  2:37  Lair  
  27  2:40  Drone  
  27  2:41  Drone  
  29  2:55  Drone  
  29  2:56  Drone x3  
  33  3:06  Overlord  
  33  3:07  Drone x3  
  36  3:20  Evolution Chamber  
  36  3:24  Queen  
  37  3:36  Drone x5  
  37  3:37  Baneling Nest  
  41  3:49  Zerg Melee Weapons Level 1  
  41  3:56  Evolution Chamber, Drone x3  
  41  3:57  Drone  
  41  3:58  Overlord x2  
  41  4:01  Extractor x2  
  42  4:31  Drone  
  42  4:32  Drone x7  
  50  4:43  Overseer  
  50  4:55  Zergling x2  
  50  4:56  Zergling x12  
  57  5:01  Zerg Ground Armor Level 1  
  57  5:02  Zergling x2  
  58  5:09  Hatchery  
  57  5:14  Zergling x2  
  57  5:15  Zergling x4  
  57  5:16  Metabolic Boost  
  60  5:27  Overlord x3  
  60  5:29  Centrifical Hooks  
  60  5:34  Overlord x2  
  60  5:37  Hatchery  
  60  5:39  Spore Crawler  
  58  5:43  Spore Crawler  
  57  5:56  Spore Crawler  
  56  5:59  Zergling x8  
  56  6:00  Zergling x6, Spore Crawler  
  56  6:03  Zerg Melee Weapons Level 2  
  62  6:30  Drone  
  62  6:31  Drone x6  
  69  6:54  Hydralisk Den  
  68  7:04  Zergling x2  
  68  7:05  Zergling x18  
  78  7:11  Baneling, Spine Crawler  
  78  7:12  Baneling x23  
  78  7:13  Baneling x6, Spine Crawler x2  
  78  7:14  Zergling x6  
  58  7:38  Drone x14  
  72  8:01  Grooved Spines  
  72  8:04  Zerg Ground Armor Level 2  
  72  8:11  Infestation Pit  
  71  8:18  Drone x2  
  71  8:19  Drone x5, Extractor x2  
  77  8:20  Drone x4  
  80  8:34  Drone  
  80  8:35  Drone x13  
  80  8:36  Queen  
  80  8:39  Extractor  
  91  8:56  Spine Crawler  
  91  9:01  Spine Crawler  
  79  9:11  Extractor  
  79  9:13  Extractor  
  79  9:15  Spine Crawler  
  76  9:17  Drone  
  76  9:18  Drone x2  
  76  9:19  Drone x4  
  76  9:20  Drone x2  
  76  9:21  Spine Crawler  
  84  9:26  Muscular Augments  
  84  9:32  Hive  
  84  9:33  Spire  
  83  9:52  Drone x4  
  87  9:53  Drone x3  
  90  10:16  Hydralisk x6  
  90  10:18  Overlord  
  90  10:19  Overlord x3  
  102  10:29  Baneling x7  
  102  10:31  Zergling x2  
  102  10:33  Zerg Missile Weapons Level 1  
  101  10:48  Greater Spire  
  101  11:17  Hydralisk  
  101  11:18  Hydralisk x16  
  103  11:20  Overlord x6  
  103  11:23  Zerg Melee Weapons Level 3  
  135  11:26  Adrenal Glands, Hatchery  
  135  11:27  Zergling x2  
  135  11:28  Overlord  
  135  11:29  Overlord  
  132  11:38  Drone x4  
  135  11:54  Drone  
  135  11:57  Drone  
  137  12:04  Corruptor x12  
  161  12:16  Drone x2  
  163  12:32  Extractor  
  163  12:36  Extractor  
  161  12:43  Brood Lord  
  161  12:44  Brood Lord x4  
  171  13:01  Zergling x2  
  171  13:02  Zergling x32  
  188  13:09  Zerg Ground Armor Level 3  
  188  13:16  Brood Lord x3  
  188  13:18  Brood Lord  
  196  13:27  Baneling  
  196  13:28  Baneling x10  
  196  13:29  Zergling x6  
  199  13:56  Spine Crawler  
  199  14:00  Spine Crawler  
  197  14:03  Spine Crawler  
  197  14:04  Zerg Missile Weapons Level 2  
  196  14:10  Drone  
  196  14:11  Drone x2  
  124  14:56  Corruptor x7  
  124  14:58  Zergling x26  
  124  14:59  Zergling x22  
  160  15:02  Hydralisk x3  
  160  15:03  Hydralisk  
  168  15:23  Baneling x23  
  168  15:24  Baneling x15  
  170  15:28  Brood Lord x3  
  170  15:32  Brood Lord x4  
  170  15:34  Brood Lord  
  184  15:36  Zergling x2, Hatchery  
  184  15:37  Zergling x32  
  200  15:46  Overseer x6  
  151  16:46  Hydralisk  
  151  16:47  Hydralisk x20  
  132  16:48  Hydralisk x8  
  166  17:45  Hydralisk  
  196  17:52  Extractor  
  196  17:55  Extractor  
Tags
 
Add a new tag
Caveats
  • Supply blocks, unpowered buildings, or Contaminate may cause inaccurate times.
  • Supply counts are checked every 10 seconds.